 Dungeon Crawl Stone Soup version 0.15-a0-2130-g28e4b74 (webtiles) character file.

79 MackTheKnife the Twirler (level 4, -3/36 HPs)
             Began as a Draconian Gladiator on July 17, 2014.
             Slain by an orc
             ... wielding a +0 flail
              (10 damage)
             ... on Level 3 of the Dungeon.
             The game lasted 00:02:44 (1850 turns).

MackTheKnife the Twirler (Draconian Gladiator)      Turns: 1850, Time: 00:02:44

HP  -3/36        AC  5     Str 18      XL: 4   Next: 17%
MP   4/4         EV 12     Int  8      God:
Gold 58          SH  0     Dex 12      Spells:  0 memorised,  3 levels left

rFire  . . .     SeeInvis .     a - +0 quarterstaff
rCold  + . .     Clarity  .     (armour unavailable)
rNeg   + . .     rCorr    .     (no shield)
rPois  .         rRot     .     c - +0 hat
rElec  .         Spirit   .     (no cloak)
SustAb .         Warding  .     (no gloves)
rMut   .         Stasis   .     (no boots)
Gourm  .                        (no amulet)
MR     .....                    l - ring of protection from cold
                                i - ring of positive energy

@: not resistant to hostile enchantments, very unstealthy
A: unfitting armour, cold-blooded, AC +5
a: no special abilities


You were on level 3 of the Dungeon.
You were not hungry.

You visited 1 branch of the dungeon, and saw 3 of its levels.

You collected 58 gold pieces.


Innate Abilities, Weirdness & Mutations

Your plain brown scales are hard (AC +5).
Your body does not fit into most forms of armour.
Your cold-blooded metabolism reacts poorly to cold.


   Skills:
 - Level 2.1 Fighting
 + Level 5.0 Staves
 - Level 1.7 Throwing
 - Level 2.6 Dodging


You had 3 spell levels left.
You didn't know any spells.

Inventory:

Hand weapons
 a - a +0 quarterstaff (weapon)
Missiles
 d - 4 throwing nets (quivered)
Armour
 c - a +0 hat (worn)
Comestibles
 b - a meat ration
 f - a bread ration
Scrolls
 o - 2 scrolls of identify
Jewellery
 e - an uncursed ring of fire
 i - a ring of positive energy (left hand)
 l - a ring of protection from cold (right hand)
Potions
 g - a potion of mutation {unknown}
 h - a potion of haste {unknown}
 j - a potion of heal wounds {unknown}
 k - 2 potions of curing
 p - a potion of lignification {unknown}

▒·)▒ ▒▒·▒
▒·▒▒▒▒·▒▒
▒·······▒
▒▒▒▒▒▒▒·▒▒ ▒··▒
▒▒·▒
▒▒▒▒▒▒▒▒▒·▒·▒▒▒▒▒
·······od·········
▒▒▒▒▒▒▒▒▒···▒▒▒▒▒
▒▒··▒ ··▒ ▒>▒ ··
··· ·


You could see an orc.


Message History

o - 2 scrolls of identify (gained 1) 2 orcs come into view.
The orc shouts!
There are monsters nearby!
The orc shouts!
You barely miss the orc. The orc hits you with a short sword.
You barely miss the orc. The orc misses you.
You hit the orc. You tail-slap the orc.
The orc is heavily wounded.
The orc hits you with a short sword.
You completely miss the orc. You tail-slap the orc.
You kill the orc!
You hit the orc but do no damage. The orc hits you with a flail!
* * * LOW HITPOINT WARNING * * *
You hit the orc.
The orc is heavily wounded.
The orc hits you with a flail.
* * * LOW HITPOINT WARNING * * *
You closely miss the orc.
The orc is heavily wounded.
The orc hits you with a flail.
* * * LOW HITPOINT WARNING * * *
You hit the orc but do no damage.
The orc is heavily wounded.
The orc hits you with a flail.
* * * LOW HITPOINT WARNING * * *
You barely miss the orc. You tail-slap the orc.
The orc is heavily wounded.
The orc hits you with a flail!
You die...

Action                   |  1- 3 |  4- 6 || total
-------------------------+-------+-------++-------
Melee: Quarterstaff      |   112 |    37 ||   149
  Use: Scroll            |       |     5 ||     5
 Stab: Sleeping          |     1 |       ||     1
  Eat: Chunk             |     2 |     1 ||     3

Vault maps used:
D:1:      lightli_arrival_windingriver
D:3:      first_bread, okawaru_altar_gauntlet_db, uniq_iyjb

Notes
Turn   | Place    | Note
--------------------------------------------------------------
     0 | D:1      | MackTheKnife, the Draconian Gladiator, began the quest for the Orb.
     0 | D:1      | Reached XP level 1. HP: 17/17 MP: 1/1
   445 | D:1      | Reached XP level 2. HP: 24/24 MP: 2/2
   790 | D:1      | Reached skill level 4 in Staves
  1131 | D:2      | Reached XP level 3. HP: 27/29 MP: 3/3
  1574 | D:2      | Reached XP level 4. HP: 36/36 MP: 4/4
  1699 | D:2      | Reached skill level 5 in Staves
  1850 | D:3      | Slain by an orc

Vanquished Creatures
  2 adders (D:2)
  A worm (D:2)
  3 giant geckos
  An orc (D:3)
  4 giant cockroaches
  7 hobgoblins
  4 jackals
  2 quokkas (D:2)
  4 bats
  3 giant newts
  9 goblins
  6 kobolds
  3 rats (D:1)
49 creatures vanquished.
